[Event "Late-Titled-Tuesday-Blitz-January-30-2024"]
[Site "Chess.com"]
[Date "2024.01.30"]
[Round "7"]
[White "SuanFernandes"]
[Black "tgpgoat"]
[Result "1-0"]
[WhiteElo "2332"]
[BlackElo "2499"]
[TimeControl "180+1"]
[EndTime "15:14:44 PST"]
[Termination "SuanFernandes won by resignation"]

1. d4 Nf6 2. c4 c5 3. d5 b5 4. cxb5 a6 5. bxa6 Bxa6 6. Nc3 g6 7. Nf3 Bg7 8. g3 d6 9. Bg2 O-O 10. Rb1 Nbd7 11. O-O Ng4 12. Qc2 Nge5 13. h3 Nxf3+ 14. Bxf3 Ne5 15. Bg2 Rb8 16. b3 Qa5 17. Bd2 Qc7 18.
f4 Nd7 19. Rfe1 c4 20. b4 Rxb4 21. Rxb4 Qc5+ 22. Kh2 Qxb4 23. Rb1 Qc5 24. Na4 Qc7 25. Bc3 Rb8 26. Bxg7 Kxg7 27. Rc1 Nc5 28. Nb2 Qa5 29. Nxc4 Bxc4 30. Qxc4 Rb2 31. Qd4+ f6 32. Qxb2 Qa4 33.
Qc2 Qd4 34. e4 h5 35. Rd1 Qe3 36. Qd2 Qa3 37. e5 fxe5 38. fxe5 dxe5 39. Qg5 Nd7 40. d6 Nf6 41. d7 Nxd7 42. Rxd7 1-0

[Event "Late-Titled-Tuesday-Blitz-January-30-2024"]
[Site "Chess.com"]
[Date "2024.01.30"]
[Round "7"]
[White "finec2"]
[Black "SmirnovTimofey2000"]
[Result "0-1"]
[WhiteElo "2211"]
[BlackElo "1952"]
[TimeControl "180+1"]
[EndTime "15:14:47 PST"]
[Termination "SmirnovTimofey2000 won by resignation"]

1. d4 d5 2. Bf4 Bf5 3. c4 e6 4. Qb3 Qc8 5. e3 c6 6. Nc3 a5 7.
Nf3 Bb4 8. a3 Bxc3+ 9. Qxc3 Ne7 10. Be2 O-O 11. O-O Nd7 12. Nh4 Bg6 13. Nxg6 hxg6 14.
Bg3 Nf6 15. f3 Nf5 16. Bf2 a4 17. Bd3 Qc7 18. e4 Ne7 19. Bg3 Qd7 20. Rad1 dxe4 21. fxe4 Nh5 22. Bf2 Rfd8 23. Bb1 Nf4 24. Be3 Ne2+ 0-1

[Event "Late-Titled-Tuesday-Blitz-January-30-2024"]
[Site "Chess.com"]
[Date "2024.01.30"]
[Round "7"]
[White "WindWhistler11"]
[Black "Iball95"]
[Result "0-1"]
[WhiteElo "2497"]
[BlackElo "2781"]
[TimeControl "180+1"]
[EndTime "15:14:54 PST"]
[Termination "Iball95 won on time"]

1. c4 e6 2. g3 d5 3. Nf3 Nf6 4. Bg2 c5 5. b3 Nc6 6. cxd5 exd5 7. Bb2 Be7 8. e3 O-O 9. O-O Bf5 10. d3 Re8 11.
Nh4 Bg4 12. Qd2 Qd7 13. Nc3 d4 14. Ne4 Nxe4 15. Bxe4 Bxh4 16. gxh4 Bh3 17. f3 Bxf1 18. Rxf1 Rad8 19. Qg2 f5 0-1

[Event "Late-Titled-Tuesday-Blitz-January-30-2024"]
[Site "Chess.com"]
[Date "2024.01.30"]
[Round "7"]
[White "RaulPerezGuerra"]
[Black "familijatop71"]
[Result "1-0"]
[WhiteElo "2436"]
[BlackElo "2218"]
[TimeControl "180+1"]
[EndTime "15:14:55 PST"]
[Termination "RaulPerezGuerra won by resignation"]

1. c4 e6 2. d4 d5 3. Nf3 Nf6 4. g3 Be7 5. Bg2 O-O 6. O-O dxc4 7. Qc2 a6 8. a4 Bd7 9. Qxc4 Bc6 10. Qc2 Be4 11.
Qb3 Bd5 12. Qc2 Be4 13. Qb3 Bd5 14. Qd1 c5 15. Be3 cxd4 16. Bxd4 Nc6 17. Bc3 Qc7 18.
Nbd2 Rfd8 19. Qb1 Rac8 20. e4 Nxe4 21. Nxe4 f5 22. Neg5 Bxf3 23. Nxf3 Bf6 24. Bxf6 gxf6 25. Re1 e5 26. Qxf5 1-0

[Event "Late-Titled-Tuesday-Blitz-January-30-2024"]
[Site "Chess.com"]
[Date "2024.01.30"]
[Round "7"]
[White "ahkashefi2800"]
[Black "english_player_89"]
[Result "1-0"]
[WhiteElo "2570"]
[BlackElo "2427"]
[TimeControl "180+1"]
[EndTime "15:14:57 PST"]
[Termination "ahkashefi2800 won by resignation"]

1. Nf3 Nf6 2. g3 d5 3. Bg2 Bf5 4. c4 c6 5. cxd5 cxd5 6. O-O e6 7. Nc3 Nc6 8. d3 h6 9. Bf4 Be7 10. Rc1 O-O 11. Nb5 a6 12. Nbd4 Nxd4 13. Nxd4 Bg6 14.
Qb3 Ra7 15. Bc7 Qe8 16. Qb6 Qa8 17. Nxe6 fxe6 18. Qxe6+ Rf7 19. Bb6 Kh7 20. Rc8 Bh5 21.
Bf3 Bxf3 22. exf3 1-0

[Event "Late-Titled-Tuesday-Blitz-January-30-2024"]
[Site "Chess.com"]
[Date "2024.01.30"]
[Round "7"]
[White "The_Straightforward_Rook"]
[Black "PawnEatingZombie"]
[Result "0-1"]
[WhiteElo "2404"]
[BlackElo "2179"]
[TimeControl "180+1"]
[EndTime "15:14:59 PST"]
[Termination "PawnEatingZombie won by resignation"]

1. e4 e6 2. b3 d5 3. Bb2 Nc6 4. Qe2 d4 5. Nf3 e5 6. c3 dxc3 7. Nxc3 Bg4 8. Qb5 Qd7 9. Nxe5 Nxe5 10. Qxe5+ Ne7 11. Bc4 O-O-O 12. h3 Qxd2+ 13. Kf1 Qxb2 14. Rb1 Nc6 15. Rxb2 Nxe5 16. hxg4 Bb4 17. Nd5 c6 18. Ne7+ Bxe7 19. f3 Rd1+ 0-1

[Event "Late-Titled-Tuesday-Blitz-January-30-2024"]
[Site "Chess.com"]
[Date "2024.01.30"]
[Round "7"]
[White "vladislavkovalev"]
[Black "crescentmoon2411"]
[Result "0-1"]
[WhiteElo "2874"]
[BlackElo "3016"]
[TimeControl "180+1"]
[EndTime "15:15:21 PST"]
[Termination "crescentmoon2411 won by resignation"]

1. e4 c5 2. Nf3 Nc6 3. Bb5 e6 4. O-O Nge7 5. Re1 a6 6. Bf1 Ng6 7. c3 Be7 8. d4 cxd4 9. cxd4 d5 10. e5 O-O 11. Nc3 f6 12. exf6 Bxf6 13. Bd3 Nxd4 14.
Bxg6 Nxf3+ 15. Qxf3 hxg6 16. Qg3 Bh4 17. Qe5 Bxf2+ 18.
Kh1 Bxe1 19. Qxe1 Qh4 20. g3 Qg4 21. Bf4 d4 22. Ne4 Bd7 23. Rc1 Bc6 24. Rxc6 bxc6 25.
Be5 Rf1+ 0-1

[Event "Late-Titled-Tuesday-Blitz-January-30-2024"]
[Site "Chess.com"]
[Date "2024.01.30"]
[Round "7"]
[White "leotobares"]
[Black "annasargsyan_m"]
[Result "0-1"]
[WhiteElo "2398"]
[BlackElo "2533"]
[TimeControl "180+1"]
[EndTime "15:15:24 PST"]
[Termination "annasargsyan_m won by resignation"]

1. d4 Nf6 2. Nf3 g6 3. c4 Bg7 4.
Nc3 d5 5. cxd5 Nxd5 6. e4 Nxc3 7. bxc3 c5 8. Bb5+ Bd7 9. Rb1 O-O 10. O-O cxd4 11. Bxd7 Qxd7 12. cxd4 e6 13. Be3 Nc6 14. Qd2 Rac8 15. Rfd1 b6 16. Bh6 Na5 17. Bxg7 Kxg7 18. d5 exd5 19. exd5 Nc4 20. Qd4+ Kg8 21. Rbc1 b5 22.
Qh4 Nd6 23. Rxc8 Rxc8 24. Ne5 Qf5 25. Nc6 Kg7 26. Ne7 Qd3 27. Qg4 Rc4 28. Rxd3 Rxg4 29. Rc3 Re4 30. Re3 Rd4 31. g3 b4 32. a3 Nc4 33.
Rb3 bxa3 34. Kf1 Nd2+ 0-1

[Event "Late-Titled-Tuesday-Blitz-January-30-2024"]
[Site "Chess.com"]
[Date "2024.01.30"]
[Round "7"]
[White "toninhojit"]
[Black "azikom"]
[Result "1/2-1/2"]
[WhiteElo "2524"]
[BlackElo "2715"]
[TimeControl "180+1"]
[EndTime "15:15:26 PST"]
[Termination "Game drawn by repetition"]

1. d4 d5 2. c4 e6 3. Nf3 c6 4.
e3 f5 5. Bd3 Nf6 6. O-O Bd6 7.
b3 Qe7 8. a4 a5 9. Ba3 Bxa3 10. Nxa3 O-O 11. Nc2 b6 12. Ne5 Bb7 13. Qd2 Nbd7 14. f4 Nxe5 15. fxe5 Nd7 16. cxd5 cxd5 17.
Na3 Rfc8 18. Nb5 Nf8 19. Rac1 Ba6 20. Nd6 Rxc1 21. Rxc1 Bxd3 22. Qxd3 Ng6 23. Qb5 Rb8 24.
Qa6 h6 25. Rc8+ Rxc8 26. Qxc8+ Kh7 27. g3 Qg5 28. Kf2 Qh5 29. h4 Qd1 30. Qxe6 Qd2+ 31. Kf1 Qd1+ 32. Kf2 Qd2+ 33. Kf1 Qd1+ 34. Kf2 1/2-1/2

[Event "Late-Titled-Tuesday-Blitz-January-30-2024"]
[Site "Chess.com"]
[Date "2024.01.30"]
[Round "7"]
[White "Anar_Aliakbarov"]
[Black "DonJuanEGenaro"]
[Result "1-0"]
[WhiteElo "2647"]
[BlackElo "2040"]
[TimeControl "180+1"]
[EndTime "15:15:29 PST"]
[Termination "Anar_Aliakbarov won by resignation"]

1. d4 d5 2. c4 e6 3. cxd5 exd5 4. Nc3 c6 5. Qc2 Bd6 6. Nf3 Nf6 7. Bg5 h6 8. Bh4 Bg4 9. Ne5 Be6 10. e3 Nbd7 11.
Nxd7 Qxd7 12. Bxf6 gxf6 13. Bd3 f5 14. g3 h5 15. h4 O-O-O 16. O-O-O c5 17. dxc5 Be5 18.
Nb5 a6 19. c6 bxc6 20. Nd4 Kb7 21. Nb3 Bd6 22. Kb1 Qe7 23. Na5+ Kb6 24. Qxc6+ Ka7 25.
Qxa6+ Kb8 26. Nc6+ 1-0

[Event "Late-Titled-Tuesday-Blitz-January-30-2024"]
[Site "Chess.com"]
[Date "2024.01.30"]
[Round "7"]
[White "only_strong_moves"]
[Black "TheAlienParty"]
[Result "1-0"]
[WhiteElo "2545"]
[BlackElo "2389"]
[TimeControl "180+1"]
[EndTime "15:15:33 PST"]
[Termination "only_strong_moves won by resignation"]

1. d4 Nf6 2. Nc3 d5 3. Bf4 a6 4. e3 Bf5 5. Nf3 e6 6. Ne5 Bd6 7. g4 Be4 8. f3 Bg6 9. h4 h6 10. Nxg6 fxg6 11. Bd3 Kf7 12. Qe2 Nc6 13. O-O-O Nb4 14.
Bxd6 Qxd6 15. g5 Nxd3+ 16. Qxd3 hxg5 17. hxg5 Nh5 18. Kb1 b5 19. Ne2 b4 20. e4 Nf4 21. Nxf4 Qxf4 22. exd5 exd5 23. Rhe1 Rh3 24. Qb3 Qxf3 25. Qxb4 Kg8 26. Qe7 Qf4 27. Qe6+ Qf7 28.
Qxh3 1-0

[Event "Late-Titled-Tuesday-Blitz-January-30-2024"]
[Site "Chess.com"]
[Date "2024.01.30"]
[Round "7"]
[White "Kostukov_Alex"]
[Black "Bala-Afiada"]
[Result "1-0"]
[WhiteElo "2293"]
[BlackElo "2025"]
[TimeControl "180+1"]
[EndTime "15:15:37 PST"]
[Termination "Kostukov_Alex won by resignation"]

1. g3 c6 2. Bg2 d5 3. d3 Nf6 4. e4 dxe4 5. dxe4 Qxd1+ 6. Kxd1 Bg4+ 7. f3 Bd7 8. Be3 Na6 9. Nd2 g6 10. c3 Bg7 11. Kc2 O-O 12. a4 Nc7 13. Nc4 b5 14.
Ne5 a6 15. Nxd7 Nxd7 16. Ne2 c5 17. f4 c4 18. e5 Rab8 19. axb5 axb5 20. Ra7 Rfc8 21.
Bb7 Rxb7 22. Rxb7 Nd5 23. Bd4 Rc7 24. Rxb5 e6 25. Ra1 Bf8 26. Ra8 Kg7 27. Ra7 Rxa7 28.
Bxa7 Bc5 29. Bxc5 1-0

[Event "Late-Titled-Tuesday-Blitz-January-30-2024"]
[Site "Chess.com"]
[Date "2024.01.30"]
[Round "7"]
[White "Yaacovn"]
[Black "jsdbv18"]
[Result "1-0"]
[WhiteElo "2807"]
[BlackElo "2609"]
[TimeControl "180+1"]
[EndTime "15:15:38 PST"]
[Termination "Yaacovn won by resignation"]

1. d4 Nf6 2. Nf3 d5 3. c4 e6 4.
Bg5 Nbd7 5. Nc3 h6 6. Bh4 dxc4 7. e3 c5 8. Bxc4 cxd4 9. exd4 Be7 10. O-O O-O 11. Re1 Nb6 12. Bb3 Nfd5 13. Nxd5 Nxd5 14.
Bg3 b6 15. Ne5 Bb7 16. Rc1 Rc8 17. Qh5 Nf6 18. Qe2 Bd5 19. Bc2 Bb7 20. Red1 Qd5 21. f3 Rfd8 22. Bb3 Qa5 23. Rxc8 Bxc8 24. Nc6 1-0

[Event "Late-Titled-Tuesday-Blitz-January-30-2024"]
[Site "Chess.com"]
[Date "2024.01.30"]
[Round "7"]
[White "Chempiblinka"]
[Black "szachmistrz2500"]
[Result "1/2-1/2"]
[WhiteElo "2324"]
[BlackElo "2504"]
[TimeControl "180+1"]
[EndTime "15:15:44 PST"]
[Termination "Game drawn by agreement"]

1. Nf3 c5 2. g3 g6 3. Bg2 Bg7 4. O-O Nc6 5. c4 e6 6. Nc3 Nge7 7. e3 d5 8. cxd5 exd5 9. d4 cxd4 10. Nxd4 Nxd4 11. exd4 O-O 12. Bg5 Be6 13. Nxd5 Bxd5 14. Bxe7 Qxe7 15. Bxd5 Rfd8 16. Qf3 Bxd4 17. Rae1 Qf6 18.
Bxb7 Rab8 19. b3 Qxf3 20. Bxf3 Bf6 21. Rd1 a5 22. Rxd8+ Rxd8 23. Rd1 Rc8 24. Rd7 Rd8 25. Rxd8+ Bxd8 26. Kf1 Kf8 27. Ke2 Ke7 28. Kd3 Kd6 29. Kc4 h5 30. Bd5 h4 31. Bxf7 Bb6 32. gxh4 Bxf2 33.
Bxg6 Bxh4 34. Kb5 Be1 35. a3 Ke5 36. b4 axb4 37. axb4 Bxb4 38. Kxb4 Kf6 1/2-1/2

[Event "Late-Titled-Tuesday-Blitz-January-30-2024"]
[Site "Chess.com"]
[Date "2024.01.30"]
[Round "7"]
[White "elchacal664"]
[Black "Mikhail_Golubev"]
[Result "1/2-1/2"]
[WhiteElo "2433"]
[BlackElo "2654"]
[TimeControl "180+1"]
[EndTime "15:15:52 PST"]
[Termination "Game drawn by repetition"]

1. e4 c5 2. Nc3 Nc6 3. f4 e6 4.
Nf3 d5 5. g3 dxe4 6. Nxe4 Nf6 7.
Qe2 Be7 8. d3 b6 9. Bg2 Bb7 10.
c3 O-O 11. O-O Qd7 12. Be3 Rad8 13. Rad1 Ba6 14. Ne5 Nxe5 15. fxe5 Nxe4 16. Bxe4 Bb7 17. Qg4 Bxe4 18. dxe4 Qc7 19. Bg5 Bxg5 20. Qxg5 h6 21. Qf4 Rxd1 22. Rxd1 Rd8 23. Rd6 g5 24. Qd2 Rxd6 25. exd6 Qd7 26. e5 f6 27. Qd3 Kg7 28.
Qe4 fxe5 29. Qxe5+ Kf7 30. Kg2 Qc6+ 31. Kh3 Qd5 32. Qh8 Qf5+ 33. Kg2 Qd5+ 34. Kh3 Qf5+ 35. Kg2 Qd5+ 36. Kh3 1/2-1/2

[Event "Late-Titled-Tuesday-Blitz-January-30-2024"]
[Site "Chess.com"]
[Date "2024.01.30"]
[Round "7"]
[White "GoltsevDmitry2000"]
[Black "masnyszachistaaa"]
[Result "1-0"]
[WhiteElo "2816"]
[BlackElo "2560"]
[TimeControl "180+1"]
[EndTime "15:15:53 PST"]
[Termination "GoltsevDmitry2000 won by resignation"]

1. e4 c5 2. Nf3 Nc6 3. d4 cxd4 4. Nxd4 g6 5. Nc3 Bg7 6. Nb3 Nf6 7. Be2 O-O 8. O-O d6 9. Be3 Bd7 10. f4 Rc8 11. Bf3 Be6 12. Nd5 a6 13. c4 Bxd5 14. cxd5 Na5 15. Nxa5 Qxa5 16. Qe2 Qb4 17. Bf2 Nd7 18.
Rab1 Qc4 19. Qe3 Qxa2 20. Bg4 Rfd8 21. h4 h5 22. Bh3 Rc2 23. Rbc1 Qxb2 24. Rb1 Qc3 25.
Rxb7 Nc5 26. Rxe7 Bf6 27. Rc7 Qxe3 28. Bxe3 Nxe4 29. Rxc2 Bxh4 30. Rc8 Rxc8 31. Bxc8 1-0

[Event "Late-Titled-Tuesday-Blitz-January-30-2024"]
[Site "Chess.com"]
[Date "2024.01.30"]
[Round "7"]
[White "JSPrepz"]
[Black "Sanyura"]
[Result "0-1"]
[WhiteElo "2844"]
[BlackElo "2672"]
[TimeControl "180+1"]
[EndTime "15:15:57 PST"]
[Termination "Sanyura won by resignation"]

1. e4 c5 2. Nf3 e6 3. Nc3 Nc6 4. d4 cxd4 5. Nxd4 Nf6 6. Nxc6 bxc6 7. e5 Nd5 8. Ne4 Qc7 9. f4 Qb6 10. c4 Bb4+ 11. Ke2 Ba6 12. Kf3 f5 13. Nf2 Ne7 14.
Be3 Bc5 15. Bxc5 Qxc5 16. Qd6 Qb6 17. b4 c5 18. Qxc5 Qb7+ 19. Kg3 Rc8 20. Qd4 Qxb4 21.
Be2 g5 22. Rhb1 gxf4+ 23. Kh3 Nc6 24. Qxf4 Qc3+ 25. Nd3 Bxc4 26. Rc1 Qd4 27. Rxc4 Qxa1 28. Qg5 h5 29. Bxh5+ Rxh5+ 30. Qxh5+ Kd8 31. Qh4+ Kc7 32. Qd4 Rh8+ 33. Kg3 Rg8+ 34. Kh3 Qxd4 0-1

[Event "Late-Titled-Tuesday-Blitz-January-30-2024"]
[Site "Chess.com"]
[Date "2024.01.30"]
[Round "7"]
[White "wild3000"]
[Black "yujiarun18"]
[Result "0-1"]
[WhiteElo "2318"]
[BlackElo "2104"]
[TimeControl "180+1"]
[EndTime "15:16:02 PST"]
[Termination "yujiarun18 won by checkmate"]

1. g3 d5 2. e3 c6 3. c3 Nf6 4.
a3 h6 5. d4 Bf5 6. b4 a6 7. f4 Nbd7 8. Nf3 e6 9. Bg2 Be7 10.
O-O Ne4 11. Bb2 h5 12. h4 Qc7 13. Kh2 f6 14. Nbd2 g5 15. Nxe4 Bxe4 16. Rc1 gxh4 17. Nxh4 O-O-O 18. Bxe4 dxe4 19. c4 f5 20. Ng6 Rh7 21. Nxe7+ Rxe7 22. Qxh5 Nf6 23. Qe2 Rg8 24. Kg2 Reg7 25. Kf2 Rxg3 26. Rg1 Rf3+ 27. Qxf3 exf3 28.
d5 Ng4+ 29. Kxf3 Qh7 30. Rh1 Nh2+ 31. Ke2 Qh5+ 32. Kd3 Rg2 33. Be5 Qe2+ 34. Kd4 b6 35. Bd6 Qb2+ 36. Kd3 Qd2# 0-1

[Event "Late-Titled-Tuesday-Blitz-January-30-2024"]
[Site "Chess.com"]
[Date "2024.01.30"]
[Round "7"]
[White "Ajedrecista3000"]
[Black "josmito10"]
[Result "0-1"]
[WhiteElo "2602"]
[BlackElo "2832"]
[TimeControl "180+1"]
[EndTime "15:16:03 PST"]
[Termination "josmito10 won by checkmate"]

1. Nf3 d5 2. e3 Nc6 3. d4 g6 4. c4 Nf6 5. Nc3 Bg7 6. h3 O-O 7. Be2 dxc4 8. Bxc4 a6 9. O-O b5 10.
Bd3 Bb7 11. a3 Nd5 12. Be4 Nxc3 13. bxc3 Na5 14. Bxb7 Nxb7 15. a4 Nd6 16. Ba3 Nc4 17.
Qb3 Qd7 18. axb5 axb5 19. Bc5 c6 20. Ra2 Rfe8 21. Rfa1 Rxa2 22. Rxa2 e5 23. Ra7 Qd5 24. Qa2 exd4 25. cxd4 h6 26. Ne1 Qf5 27. Qc2 Qe6 28.
Nd3 g5 29. Nb4 g4 30. hxg4 Qxg4 31. Nxc6 h5 32. Ne7+ Kh8 33. Qf5 Qd1+ 34. Kh2 Nd2 35. Qxf7 Nf1+ 36. Kh3 Qg4# 0-1

[Event "Late-Titled-Tuesday-Blitz-January-30-2024"]
[Site "Chess.com"]
[Date "2024.01.30"]
[Round "7"]
[White "FairChess_on_YouTube"]
[Black "ChristopherYoo"]
[Result "1-0"]
[WhiteElo "3090"]
[BlackElo "2931"]
[TimeControl "180+1"]
[EndTime "15:16:07 PST"]
[Termination "FairChess_on_YouTube won by resignation"]

1. e4 c5 2. Nc3 Nc6 3. Nge2 e6 4. g3 Nf6 5. Bg2 Be7 6. O-O O-O 7. d3 d5 8. exd5 exd5 9. Nf4 d4 10. Ncd5 Nxd5 11. Nxd5 Bd6 12. Qh5 Ne5 13. h3 f6 14. f4 Nf7 15. Bd2 Bd7 16. Rae1 Rc8 17. c4 Be8 18. Qh4 Bc6 19. Re6 Bd7 20. Be4 f5 21.
Nf6+ gxf6 22. Bxf5 Re8 23. Rxe8+ Qxe8 24. Qg4+ Ng5 25.
Bxd7 h5 26. Qf5 Qe2 1-0

[Event "Late-Titled-Tuesday-Blitz-January-30-2024"]
[Site "Chess.com"]
[Date "2024.01.30"]
[Round "7"]
[White "Azerichess"]
[Black "klimkoj"]
[Result "1/2-1/2"]
[WhiteElo "3071"]
[BlackElo "2933"]
[TimeControl "180+1"]
[EndTime "15:16:07 PST"]
[Termination "Game drawn by repetition"]

1. d4 Nf6 2. Bg5 e6 3. e4 h6 4. Bxf6 Qxf6 5. Nc3 Bb4 6. Qd3 d5 7. O-O-O Bxc3 8. Qxc3 dxe4 9. Qxc7 O-O 10. f3 Nc6 11. c3 e5 12. d5 exf3 13. dxc6 Qg5+ 14. Rd2 Bg4 15. h4 Qe3 16. Nxf3 e4 17. cxb7 Rad8 18. Bd3 exf3 19. gxf3 Rxd3 20. Rd1 Rxd2 21. Rxd2 Qe1+ 22.
Rd1 Qe3+ 23. Rd2 Qe1+ 24. Rd1 Qe3+ 25. Rd2 1/2-1/2

[Event "Late-Titled-Tuesday-Blitz-January-30-2024"]
[Site "Chess.com"]
[Date "2024.01.30"]
[Round "7"]
[White "mishanick"]
[Black "pooh2012"]
[Result "1-0"]
[WhiteElo "3117"]
[BlackElo "2513"]
[TimeControl "180+1"]
[EndTime "15:16:08 PST"]
[Termination "mishanick won on time"]

1. d4 Nf6 2. c4 e6 3. Nc3 Bb4 4. e3 O-O 5. Bd3 d5 6. Nf3 b6 7. O-O a5 8. Ne5 dxc4 9. Bxc4 Ba6 10. a3 Bd6 11. Bxa6 Rxa6 12. Nc4 Nc6 13. e4 e5 14. d5 Ne7 15. Bg5 Ng6 16. Nxd6 cxd6 17. Qf3 a4 18. Rac1 Ra5 19. h3 h6 20. Be3 Nd7 21. Na2 Nc5 22. Nb4 Qd7 23. Rc4 Raa8 24.
Nc6 f5 25. exf5 Qxf5 26. Qxf5 Rxf5 27. Rb4 e4 28. Rd1 Ra6 29. Bxc5 bxc5 30. Rxe4 Rb6 31.
Rd2 Kh7 32. Rxa4 Nf4 33. Ne7 Rf6 34. Re4 Rb7 35. h4 Ng6 36. Nc6 Nf4 37. g3 Ng6 38. b4 1-0

[Event "Late-Titled-Tuesday-Blitz-January-30-2024"]
[Site "Chess.com"]
[Date "2024.01.30"]
[Round "7"]
[White "Herman-NY"]
[Black "dennisodessa"]
[Result "0-1"]
[WhiteElo "2483"]
[BlackElo "2607"]
[TimeControl "180+1"]
[EndTime "15:16:08 PST"]
[Termination "dennisodessa won on time"]

1. e4 e6 2. d4 d5 3. Nd2 Be7 4. Ngf3 Nf6 5. e5 Nfd7 6. c3 c5 7. Bd3 Nc6 8. a3 cxd4 9. cxd4 f6 10. exf6 Nxf6 11. O-O O-O 12. Re1 Bd6 13. Nf1 Qb6 14. Ng3 Ng4 15. b4 e5 16. Qb3 Nxd4 17. Qxd5+ Be6 18.
Qxd4 exd4 19. Rxe6 Rae8 20. Rxe8 Rxe8 21. Bd2 Ne5 22. Nxe5 Bxe5 23. Ne4 Rc8 24. Re1 Bd6 25. g3 h6 26. h4 Bf8 27. Re2 Qc6 28. Kg2 Qd5 0-1

[Event "Late-Titled-Tuesday-Blitz-January-30-2024"]
[Site "Chess.com"]
[Date "2024.01.30"]
[Round "7"]
[White "MaxLeto"]
[Black "OPQRC"]
[Result "0-1"]
[WhiteElo "2414"]
[BlackElo "2549"]
[TimeControl "180+1"]
[EndTime "15:16:14 PST"]
[Termination "OPQRC won by resignation"]

1. e4 c6 2. Nc3 d5 3. Nf3 dxe4 4. Nxe4 Nf6 5. Nxf6+ exf6 6. d4 Bd6 7. Be2 O-O 8. O-O Re8 9. Re1 Nd7 10. c4 Nf8 11.
Bd2 Ng6 12. Bf1 Bf5 13. Qb3 Qc7 14. g3 h5 15. h4 Bxg3 16. fxg3 Qxg3+ 17. Kh1 Re4 18. Rxe4 Bxe4 19. Bg2 Re8 20. Be1 Qg4 21. Bf2 Nf4 0-1

[Event "Late-Titled-Tuesday-Blitz-January-30-2024"]
[Site "Chess.com"]
[Date "2024.01.30"]
[Round "7"]
[White "platy3"]
[Black "IlanSchnaider"]
[Result "1-0"]
[WhiteElo "2865"]
[BlackElo "2669"]
[TimeControl "180+1"]
[EndTime "15:16:22 PST"]
[Termination "platy3 won on time"]

1. e4 c5 2. Nf3 d6 3. Bb5+ Bd7 4. Bxd7+ Qxd7 5. O-O Nf6 6. Qe2 Nc6 7. c3 e6 8. d4 cxd4 9. cxd4 d5 10. e5 Ne4 11. Nbd2 Nxd2 12. Bxd2 Bb4 13. g3 O-O 14.
Be3 Rfc8 15. a3 Be7 16. b4 a5 17. b5 Na7 18. a4 b6 19. h4 Rc4 20. h5 h6 21. Nh2 Rac8 22. Qg4 Kh7 23. Nf3 Qe8 24. Qf4 R8c7 25. g4 Nc8 26. Rfc1 Qf8 27. Rxc4 Rxc4 28.
Rc1 Rxa4 29. Rxc8 Qxc8 30. Qxf7 Qf8 31. Qg6+ Kh8 32. Kg2 Ra3 33. Qxe6 Bg5 34. Nxg5 hxg5 35. Qd6 Kg8 36. Qxd5+ Qf7 37. e6 Qe8 38. e7+ Kh8 39.
Qd8 1-0

[Event "Late-Titled-Tuesday-Blitz-January-30-2024"]
[Site "Chess.com"]
[Date "2024.01.30"]
[Round "7"]
[White "Beca95"]
[Black "AradNazari"]
[Result "1-0"]
[WhiteElo "2966"]
[BlackElo "2706"]
[TimeControl "180+1"]
[EndTime "15:16:23 PST"]
[Termination "Beca95 won on time"]

1. e4 c5 2. Nc3 d6 3. Bc4 Nf6 4. a3 g6 5. Ba2 Bg7 6. d3 O-O 7. Nf3 Nc6 8. O-O a6 9. h3 b5 10. Ne2 e6 11. Bf4 Nh5 12. Bc1 d5 13. Rb1 Bb7 14.
Bg5 Qd6 15. Qc1 Ne5 16. Nd2 f6 17. Be3 f5 18. f4 Nd7 19. e5 Qe7 20. d4 cxd4 21.
Bxd4 Bh6 22. Nf3 Nc5 23. Kh2 Ne4 24. Be3 Rac8 25. b4 Rc7 26. Bb3 Rfc8 27. g4 fxg4 28. hxg4 Ng7 29. g5 Nc3 30. Nxc3 Rxc3 31. Bd4 Rxf3 32.
Rxf3 Nf5 33. Qd2 Bf8 34. Rh3 Qc7 35. Rh1 a5 36. c3 axb4 37. axb4 Rd8 38. Bc2 Nxd4 39.
Qxd4 Rd7 40. Kg1 Rf7 41. Bxg6 1-0

[Event "Late-Titled-Tuesday-Blitz-January-30-2024"]
[Site "Chess.com"]
[Date "2024.01.30"]
[Round "7"]
[White "Bryanl106"]
[Black "RianKapriaga"]
[Result "0-1"]
[WhiteElo "2526"]
[BlackElo "2363"]
[TimeControl "180+1"]
[EndTime "15:16:26 PST"]
[Termination "RianKapriaga won by resignation"]

1. e4 c6 2. d4 d5 3. exd5 cxd5 4. Nf3 Nf6 5. Ne5 Nbd7 6. Bd3 e6 7. Nd2 Bd6 8. Ndf3 O-O 9. O-O Qc7 10. Re1 b6 11. c3 a5 12. Qe2 Nb8 13. g4 Ba6 14. Bxa6 Nxa6 15. g5 Nd7 16. Bf4 Nab8 17. Bg3 Nc6 18.
Nxd7 Qxd7 19. Kg2 Rfb8 20. a4 Rb7 21. h4 Rab8 22. h5 Bxg3 23. Kxg3 b5 24. axb5 Rxb5 25. Ra2 Qd6+ 26. Kg4 g6 27. hxg6 hxg6 28. Rh1 R5b7 29. Ne5 Nxe5+ 30. dxe5 Qc5 31. f4 Kf8 32. b4 axb4 33.
cxb4 Qc4 34. Qh2 Rxb4 35. Qh8+ Ke7 36. Qf6+ Kd7 37. Qxf7+ Kc6 38. Qxe6+ Kb5 39. Rha1 Qxf4+ 40. Kh3 Rb3+ 41. Kg2 Rg3+ 0-1

[Event "Late-Titled-Tuesday-Blitz-January-30-2024"]
[Site "Chess.com"]
[Date "2024.01.30"]
[Round "7"]
[White "Korchmar_Vasiliy"]
[Black "Jospem"]
[Result "0-1"]
[WhiteElo "2718"]
[BlackElo "3051"]
[TimeControl "180+1"]
[EndTime "15:16:28 PST"]
[Termination "Jospem won on time"]

1. Nf3 c5 2. g3 Nc6 3. Bg2 g6 4. O-O Bg7 5. c4 d6 6. Nc3 e6 7. d3 Nge7 8. Bd2 O-O 9. a3 b6 10. Rb1 Bb7 11. b4 Qd7 12. Qc1 Nd4 13. Nxd4 cxd4 14. Ne4 d5 15. cxd5 Nxd5 16. Bh6 Rac8 17.
Qd2 Nc3 18. Bxg7 Kxg7 19. Rbc1 Bxe4 20. Bxe4 e5 21. h4 h6 22. Bg2 Rc7 23. e3 Rfc8 24. Rce1 Qd6 25. f4 Re8 26. f5 f6 27. fxg6 dxe3 28.
Qxe3 Rd8 29. Qf2 Qd4 30. Re3 Rd6 31. Kh2 Qg4 32. Rxe5 Qxg6 33. Rf5 Re7 34. Qf4 Rde6 35. Qd4 Qxg3+ 36. Kh1 Ne2 37. Qf2 Qxf2 0-1

[Event "Late-Titled-Tuesday-Blitz-January-30-2024"]
[Site "Chess.com"]
[Date "2024.01.30"]
[Round "7"]
[White "Siemba"]
[Black "rquery98"]
[Result "0-1"]
[WhiteElo "2538"]
[BlackElo "2732"]
[TimeControl "180+1"]
[EndTime "15:16:32 PST"]
[Termination "rquery98 won by resignation"]

1. e4 e5 2. Nf3 Nc6 3. Bc4 Bc5 4. c3 Nf6 5. d4 exd4 6. b4 Be7 7. e5 Ne4 8. b5 Na5 9. Bd3 Nxc3 10. Nxc3 dxc3 11. Qc2 d5 12. exd6 Bxd6 13. Qxc3 Qf6 14. Bb2 Qxc3+ 15. Bxc3 b6 16. Bxg7 Rg8 17. Bc3 Rxg2 18.
Bxa5 bxa5 19. Be4 Rb8 20. Nd4 Rg4 21. f3 Rh4 22. Ke2 a6 23. a4 axb5 24. axb5 Be5 25. Ra4 Bd7 26. Nc6 Rxb5 27. Rc1 Rxh2+ 28. Kd3 Rb3+ 29. Kc4 Be6+ 30. Kc5 Bd6+ 31. Kd4 Rd2+ 0-1

[Event "Late-Titled-Tuesday-Blitz-January-30-2024"]
[Site "Chess.com"]
[Date "2024.01.30"]
[Round "7"]
[White "Genghis_K"]
[Black "Alexei_Gubajdullin"]
[Result "1-0"]
[WhiteElo "2836"]
[BlackElo "2622"]
[TimeControl "180+1"]
[EndTime "15:16:35 PST"]
[Termination "Genghis_K won on time"]

1. e4 e5 2. Nf3 Nf6 3. d4 Nxe4 4. Bd3 d5 5. Nxe5 Nd7 6. Nc3 Nxe5 7. dxe5 Nxc3 8. bxc3 Bc5 9. O-O O-O 10. Qh5 g6 11. Qh6 Re8 12. Qf4 Bf8 13. Qg3 Bg7 14. Bf4 c5 15.
Rfe1 c4 16. Bf1 Bf5 17. Re2 Qa5 18. h4 h5 19. Rd1 Re6 20. Red2 Qxa2 21. Rxd5 Bxc2 22.
Rd8+ Re8 23. Rxa8 Rxa8 24. Rd7 Qb1 25. e6 Bd3 26. exf7+ Kh7 27. Be5 Qxf1+ 28. Kh2 Rf8 29. Bxg7 Kxg7 30. Qe5+ Kh7 31. Rd8 Rxd8 32. Qe7 1-0